 Dungeon Crawl Stone Soup version 0.31-a0-1597-ge7908ec95f (webtiles) character file.

Game seed: 3158162062535513746

5564 James the Slicer (level 10, -4/49 HPs)
             Began as a Spriggan Fighter on Jan 7, 2024.
             Was a Follower of Uskayaw.
             Slain by a hornet (15 damage)
             ... while paralysed by a hornet
             ... on level 9 of the Dungeon.
             The game lasted 00:42:01 (12153 turns).

James the Slicer (Spriggan Fighter)                Turns: 12153, Time: 00:42:02

Health: -4/49      AC:  3    Str: 15    XL:     10   Next: 44%
Magic:  16/16      EV:  4    Int: 17    God:    Uskayaw [*.....]
Gold:   545        SH:  0    Dex: 18    Spells: 9/9 levels left

rFire   . . .        a - +1 dagger (elec)
rCold   . . .        c - +1 buckler
rNeg    . . .        x - +0 robe
rPois   .            (helmet restricted)
rElec   .            B - +0 cloak of Votesu {rCorr Str+3}
rCorr   +            (gloves unavailable)
SInv    +            (boots unavailable)
Will    +....        w - amulet of reflection
Stlth   +++++        W - +6 ring of intelligence
HPRegen 0.28/turn    P - +5 ring of evasion
MPRegen 0.15/turn

%: reflection
@: paralysed, slowed, very quick
A: very small, no large weapons, unfitting armour, see invisible, speed 3
a: Renounce Religion, Stomp


You were on level 9 of the Dungeon.
You worshipped Uskayaw.
Uskayaw was noncommittal.
You visited 2 branches of the dungeon, and saw 10 of its levels.

You collected 545 gold pieces.

Inventory:

Hand Weapons
 a - a +1 dagger of electrocution (weapon)
   (You took it off an orc wizard on level 3 of the Dungeon)
 b - a +0 short sword of venom
   (You took it off a kobold on level 2 of the Dungeon)
 f - a +1 rapier
   (You found it on level 1 of the Dungeon)
 p - a +0 dagger of venom
   (You took it off an orc wizard on level 8 of the Dungeon)
 A - a +2 heavy falchion
   (You took it off an orc on level 5 of the Dungeon)
 E - a +0 rapier
 H - a +0 sling
   (You found it on level 3 of the Dungeon)
 N - a +0 spear of venom
   (You took it off a gnoll on level 4 of the Dungeon)
 R - a +0 trident
   (You took it off an orc on level 5 of the Dungeon)
 S - a +0 scimitar
   (You took it off an orc warrior on level 4 of the Dungeon)
 U - a +0 dagger of pain
   (You took it off a kobold brigand on level 7 of the Dungeon)
Missiles
 h - 25 poisoned darts
 j - 55 stones
 q - a curare-tipped dart (quivered) {!f}
 s - 11 boomerangs
 M - 11 atropa-tipped darts
Armour
 c - a +1 buckler (worn)
 x - a +0 robe (worn)
 B - the +0 cloak of Votesu (worn) {rCorr Str+3}
   (You found it on level 5 of the Dungeon)

   Str+3:     It affects your strength (+3).
   rCorr:     It protects you from acid and corrosion.
 D - a +0 robe
   (You took it off an orc wizard on level 3 of the Dungeon)
 F - a +0 robe
   (You took it off an orc wizard on level 3 of the Dungeon)
 K - a +0 robe
   (You took it off an orc wizard on level 3 of the Dungeon)
 L - a +0 robe
   (You took it off an orc wizard on level 3 of the Dungeon)
 Y - a +0 robe
   (You found it on level 7 of the Dungeon)
Magical Staves
 I - a staff of air
   (You found it on level 3 of the Dungeon)
Jewellery
 i - a ring of wizardry
   (You found it on level 8 of the Dungeon)
 w - an amulet of reflection (around neck)
   (You found it on level 2 of the Dungeon)
 P - a +5 ring of evasion (right hand)
   (You found it on level 7 of the Dungeon)
 W - a +6 ring of intelligence (left hand)
   (You found it on level 6 of the Dungeon)
Wands
 r - a wand of charming (20)
   (You found it on level 2 of the Dungeon)
 t - a wand of flame (34)
   (You found it on level 6 of the Dungeon)
 v - a wand of mindburst (24)
   (You found it on level 4 of the Dungeon)
Scrolls
 g - 3 scrolls of poison {!r}
 y - a scroll of enchant armour
 C - a scroll of fear
 G - 2 scrolls of silence
 Q - 2 scrolls of fog
 X - 5 scrolls of teleportation {@r4}
Potions
 d - a potion of might
 e - a potion of invisibility {unknown}
 k - 3 potions of mutation {!q}
 l - 2 potions of brilliance
 m - a potion of cancellation {unknown}
 n - 3 potions of haste {@q3}
 o - a potion of curing {@q1}
 u - 2 potions of lignification {unknown}
 z - a potion of ambrosia
 J - a potion of magic
 O - a potion of resistance


   Skills:
 - Level 4.0 Fighting
 - Level 10.0 Short Blades
 + Level 9.4 Dodging
 - Level 10.0 Stealth
 - Level 4.0 Shields
 - Level 7.0 Invocations


You had 9 spell levels left.
You didn't know any spells.
Your spell library contained the following spells:

 Spells                   Type           Power      Damage    Failure   Level
 Mercury Vapours          Alch/Air       0%         N/A       41%         2
 Mephitic Cloud           Conj/Alch/Air  0%         N/A       65%         3
 Summon Blazeheart Golem  Fire/Summ      0%         N/A       96%         4
 Freezing Cloud           Conj/Ice/Air   0%         6-21      100%        5
 Orb of Destruction       Conj           0%         9d5       100%        7
 Spellforged Servitor     Conj/Summ      0%         N/A       100%        7


Dungeon Overview and Level Annotations

Branches:
Dungeon (9/15)             Temple (1/1) D:5            Lair (0/5) D:8
    Orc: D:9-12

Altars:
Ashenzari
Dithmenos
Elyvilon
Fedhas
Gozag
Hepliaklqana
Kikubaaqudgha
Makhleb
Nemelex Xobeh
Okawaru
Qazlal
Ru
Sif Muna
Trog
Uskayaw
Vehumet
Wu Jian
Xom
Yredelemnul
Zin
The Shining One

Shops:
D:4 *   D:8 =

Annotations:
D:8 Erica


Innate Abilities, Weirdness & Mutations

You are very small and have problems with some larger weapons.
You are too small for most types of armour.
You have supernaturally acute eyesight. (SInv)
You cover ground extremely quickly. (Speed+++)


Message History

The wraith is destroyed!
What are your orders? t - Shout!
Orders for allies: a - Attack new target. r - Retreat! s - Stop attacking. g - Guard the area. f - Follow me.
Anything else - Cancel.
Retreat in which direction?
Press: ? - help, Dir - move target Fall back!
There is an escape hatch in the ceiling here.
A mysterious force pulls you upwards. The hatch slams shut behind you.
You feel yourself speed up.
You see here a +0 robe.
There is a stone staircase leading down here.
Press: ? - help, v - describe, . - travel A stone staircase leading down.
Unknown command.
You climb downwards.
Level annotation: Erica
There is a stone staircase leading up here.
There is a stone staircase leading down, spattered with blood here.
You climb downwards.
You hear the roar of battle.
There is an entrance to a bailey on this level.
Hurry and find it before the portal closes forever!
You hear the creaking of a portcullis nearby.
Found a leather armour and a scroll of fear.
There is a stone staircase leading up here.
C - a scroll of fear A centaur comes into view.
The helpless centaur fails to defend itself.
You stick the centaur like a pincushion!!!!
You kill the centaur!
Things that are here:
a +0 shortbow; a centaur corpse
Found a scale mail.
You hear the steady creaking of a portcullis very nearby.
The steam dragon hisses angrily.
You hit the hornet. You completely miss the hornet. The hornet stings you!
You suddenly lose the ability to move!
The hornet stings you!
* * * LOW HITPOINT WARNING * * *
You feel yourself slow down. The hornet completely misses you.
The hornet stings you!
* * * LOW HITPOINT WARNING * * *
You feel as though you will be slow longer.
The hornet stings you!
You die...

##...## ##..## ##.....#
#..# ##.....>## ##.##
##........###..##
##.........##....#
##..........#...).##
#............###...##
#...........#####...#####
...........####.@.......#
.....##..### #..y.).....#
..####..## ##....).....#
##.....## #[..........#
###..## ##..........###+#
##.# #............#.#
####.#####
#............#.#
##........#
#..........###!#####
..........#
#.............y.y..#


You could see a hornet.

Vanquished Creatures
  A two-headed ogre (D:8)
  An elephant (D:8)
  3 red devils (D:8)
  A wyvern (D:8)
  Eustachio (D:6)
  4 yaks (D:8)
  2 basilisks (D:8)
  An acid dragon (D:9)
  3 ice beasts
  3 orc warriors
  A black bear (D:6)
  2 ogres
  2 centaurs
  2 kobold brigands
  A bullfrog (D:7)
  5 scorpions
  3 wights (D:8)
  A bombardier beetle (D:5)
  5 electric eels (D:8)
  A jelly (D:5)
  A gnoll bouda (D:5)
  4 orc priests
  2 hounds (D:7)
  An iguana (D:5)
  2 sleepcaps
  7 orc wizards
  3 gnolls
  8 adders
  3 shadow imps
  A white imp (D:5)
  2 ufetubi (D:5)
  7 dart slugs
  2 ribbon worms
  18 orcs
  5 endoplasms
  2 giant cockroaches
  4 hobgoblins
  8 jackals
  3 quokkas
  7 ball pythons
  A bat (D:3)
  3 frilled lizards (D:3)
  16 kobolds
  4 rats
157 creatures vanquished.

Vanquished Creatures (collateral kills)
  A wraith (D:8)
1 creature vanquished.

Vanquished Creatures (others)
  A bombardier beetle (D:5)
1 creature vanquished.

Grand Total: 159 creatures vanquished

Notes
Turn   | Place    | Note
-------+----------+-------------------------------------------
     0 | D:1      | James the Spriggan Fighter began the quest for the Orb.
     0 | D:1      | Reached XP level 1. HP: 11/11 MP: 2/2
   196 | D:1      | Reached XP level 2. HP: 16/16 MP: 3/3
   994 | D:1      | Reached skill level 1 in Stealth
  1101 | D:2      | Reached XP level 3. HP: 15/19 MP: 4/4
  1364 | D:2      | Found a faded altar of an unknown god.
  1513 | D:2      | Reached XP level 4. HP: 23/23 MP: 5/5
  2017 | D:3      | Found an ancient bone altar of Kikubaaqudgha.
  2031 | D:3      | Found a shimmering blue altar of Sif Muna.
  2035 | D:3      | Reached skill level 5 in Dodging
  2035 | D:3      | Reached XP level 5. HP: 28/28 MP: 6/6
  2049 | D:3      | Found a radiant altar of Vehumet.
  2138 | D:3      | Found a glowing golden altar of the Shining One.
  2760 | D:4      | Reached XP level 6. HP: 18/32 MP: 7/7
  3286 | D:4      | Reached skill level 5 in Short Blades
  3298 | D:4      | Noticed an orc warrior
  3508 | D:4      | Found Otouduerph's Gadget Gallery.
  3871 | D:4      | Found Otouduerph's Gadget Gallery.
  4559 | D:5      | Entered Level 5 of the Dungeon
  4561 | D:5      | Identified the +0 cloak of Votesu {rCorr Str+3}
  4897 | D:4      | Reached XP level 7. HP: 20/36 MP: 8/8
  5112 | D:5      | Reached skill level 5 in Stealth
  5862 | D:5      | Reached XP level 8. HP: 40/40 MP: 9/9
  5922 | D:5      | Found a staircase to the Ecumenical Temple.
  5934 | Temple   | Entered the Ecumenical Temple
  6225 | D:4      | Found Otouduerph's Gadget Gallery.
  6760 | D:6      | You fall into a shaft and drop 1 floor!
  6790 | D:6      | Found a bloodstained altar of Trog.
  6790 | D:6      | Found an ornate altar of the Wu Jian Council.
  7220 | D:6      | Found a sacrificial altar of Ru.
  7224 | D:6      | Found a shimmering altar of Xom.
  7224 | D:6      | Found a hide-covered altar of Uskayaw.
  7229 | D:6      | Found a sparkling altar of Nemelex Xobeh.
  7232 | D:6      | Became a worshipper of Uskayaw the Reveller
  7429 | D:6      | Reached * piety under Uskayaw
  7549 | D:6      | Noticed Eustachio
  7564 | D:6      | Reached ** piety under Uskayaw
  7576 | D:6      | Killed Eustachio
  8177 | D:7      | HP: 2/42 [orc priest/nerve-wracking pain (8)]
  8496 | D:7      | Reached *** piety under Uskayaw
  8675 | D:8      | Reached XP level 9. HP: 45/45 MP: 10/10
  8930 | D:8      | Noticed an elephant
  8931 | D:8      | Found a staircase to the Lair.
  9036 | D:8      | Noticed a red devil
  9037 | D:8      | Noticed a red devil
  9037 | D:8      | Noticed a red devil
  9162 | D:8      | Reached **** piety under Uskayaw
  9181 | D:8      | Reached ***** piety under Uskayaw
  9332 | D:8      | Found Rupypoan's Jewellery Boutique.
  9449 | D:8      | Killed an elephant
  9456 | D:8      | Reached skill level 10 in Short Blades
  9546 | D:8      | Found a hazy altar of Hepliaklqana.
  9553 | D:8      | Noticed a two-headed ogre
  9726 | D:8      | Killed a two-headed ogre
  9727 | D:8      | Reached skill level 10 in Stealth
  9727 | D:8      | Reached XP level 10. HP: 49/49 MP: 11/14
 10302 | D:8      | Noticed Erica
 10389 | D:8      | Reached skill level 5 in Invocations
 11040 | D:8      | Found Rupypoan's Jewellery Boutique.
 11058 | D:8      | Found a staircase to the Lair.
 11120 | D:8      | Found a hazy altar of Hepliaklqana.
 11977 | D:8      | HP: 2/49 [wraith (8)]
 12150 | D:9      | Paralysed by a hornet for 3 turns
 12153 | D:9      | Slain by a hornet

Illustrated notes

Levels and vault maps discovered:
D:1:      reono_arrival_mine, layout_loops_cross, amethyst_killhole
D:2:      layout_basic, nicolae_ecumenical_snake_handling, minmay_ruptured
D:3:      layout_basic, palyth_temple_overflow_mages,
          mainiacjoe_overflow_surrounded_room, corexii_hall_statues_t
D:4:      layout_basic, nicolae_shop_gadgets
D:5:      cheibrodos_helix_gallery, layout_basic, minmay_temple_entry_poolview,
          hangedman_abyss_or_decor_slice, kennysheep_cross_room
D:6:      layout_basic, minitemple, nicolae_overflow_hidden_temple,
          uniq_eustachio
D:7:      layout_rooms
D:8:      layout_loops_ring, nicolae_hepliaklqana_hazy_memory,
          david_lair_generic, serial_shops, nicolae_shop_behind_doors,
          chequers_big_river, kennysheep_nub, kennysheep_flooded_box,
          einodemon_armed_red_devil_minivault, uniq_erica
D:9:      layout_cave_pods, enter_bailey_7, minmay_bent
Temple:   hellmonk_temple_beads

Skill      XL: |  1  2  3  4  5  6  7  8  9 10 |
---------------+-------------------------------+-----
Short Blades   | 3 4 5 6 8 10 | 10.0
Stealth        | 1 2 3 4 6 7 10 | 10.0
Fighting       | 3 4 |  4.0
Dodging        | 5 6 8 9 |  9.4
Shields        | 3 4 |  4.0
Invocations    | 4 7 |  7.0

Action                     |  1- 3 |  4- 6 |  7- 9 | 10-12 || total
---------------------------+-------+-------+-------+-------++-------
  Melee: Rapier            |   130 |       |       |       ||   130
         Short sword       |     4 |    25 |     1 |       ||    30
         Dagger            |       |   166 |   379 |   124 ||   669
  Throw: Dart              |     2 |     9 |     2 |       ||    13
  Evoke: Wand              |       |       |     2 |     4 ||     6
    Use: Scroll            |       |    12 |     4 |     6 ||    22
         Potion            |       |       |     1 |     2 ||     3
   Stab: Sleeping          |       |     6 |    10 |     1 ||    17
         Distracted        |       |     1 |       |       ||     1
         Paralysed         |       |       |     5 |       ||     5
 Armour: Robe              |    37 |    26 |    51 |    27 ||   141
  Dodge: Dodged            |   133 |    72 |   142 |    39 ||   386
  Block: Buckler           |    27 |    64 |   129 |    22 ||   242
         Reflection        |       |     1 |     7 |       ||     8

Table legend: (Time is in decaauts)
 A = Elapsed time spent in this place.
 B = Non-inter-level travel time spent in this place.
 C = Inter-level travel time spent in this place.
 D = Time resting spent in this place.
 E = Time spent auto-exploring this place.
 F = Levels seen in this place.
 G = Mean time per level.
                   A        B        C        D        E       F      G
               +--------+--------+--------+--------+--------+-----+--------+
         Total |   8552 |   7969 |    583 |   1739 |   3677 |  10 |  855.2 |
       Dungeon |   8551 |   7968 |    583 |   1739 |   3677 |   9 |  950.1 |
        Temple |      1 |      1 |      0 |      0 |      0 |   1 |    1.0 |
               +--------+--------+--------+--------+--------+-----+--------+

Top non-repeatable levels by time:
     D:8: 2105 daAuts
     D:4: 1672 daAuts
     D:5: 851 daAuts
     D:3: 818 daAuts
     D:6: 794 daAuts
     D:7: 762 daAuts
     D:1: 685 daAuts
     D:2: 667 daAuts
     D:9: 191 daAuts
  Temple: 1 daAuts
